 Dungeon Crawl Stone Soup version 0.25-a0-785-gb22c70e859 (webtiles) character file.

Game seed: 17351572942564520094, levelgen mode: deterministic

7349 Esekla the Fighter (level 11, -2/87 HPs)
             Began as a Gnoll Abyssal Knight on Apr 17, 2020.
             Was the Champion of Lugonu.
             Slain by a cyclops (32 damage)
             ... on level 11 of the Dungeon.
             The game lasted 00:57:19 (9475 turns).

Esekla the Fighter (Gnoll Abyssal Knight)           Turns: 9475, Time: 00:57:19

Health: -2/87      AC:  6    Str: 20    XL:     11   Next: 13%
Magic:  19/19      EV: 16    Int: 16    God:    Lugonu [******]
Gold:   634        SH:  5    Dex: 17    Spells: 20/21 levels left

rFire    + + .     SeeInvis .   a - +6 falchion (distort)
rCold    x . .     Gourm    .   (no shield)
rNeg     . . .     Faith    .   I - +1 leather armour {MR+}
rPois    +         Spirit   .   t - +2 hat
rElec    .         Reflect  +   (no cloak)
rCorr    .         Harm     .   U - +0 pair of gloves
MR       +++..                  (no boots)
Stlth    +++.......             L - +5 amulet of reflection
HPRegen  0.24/turn              f - +6 ring of strength
MPRegen  0.16/turn              h - ring of Sekacaod {Fire MR++}

@: lightly drained
A: distributed training, fangs 1, deformed body, fire resistance 1, poison
resistance, strong nose
a: Depart the Abyss, Bend Space, Banish, Corrupt, Enter the Abyss, Renounce
Religion


You were on level 11 of the Dungeon.
You worshipped Lugonu.
Lugonu was exalted by your worship.
You were hungry.

You visited 2 branches of the dungeon, and saw 11 of its levels.
You visited the Abyss 1 time.
You also visited: Sewer.

You collected 634 gold pieces.

Inventory:

Hand Weapons
 a - a +6 falchion of distortion (weapon)
 j - a +1 spear of flaming
 k - a +2 vampiric short sword
 m - the +6 long sword of Deformation {drain, MR++ SInv Stlth-}
   (You found it in a sewer)

   A truly terrible weapon, it drains the life of those it strikes.
   It affects your resistance to hostile enchantments.
   It lets you see invisible.
   It makes you less stealthy.
 u - a +4 spear of freezing
 z - a +2 halberd of venom
 C - a cursed +1 scimitar of electrocution
 S - a +1 bardiche of protection
Missiles
 y - 11 poisoned darts (quivered)
 H - 11 boomerangs
Armour
 b - a +0 leather armour
 s - a +1 plate armour of positive energy
 t - a +2 hat (worn)
 I - a +1 leather armour of magic resistance (worn)
 U - a +0 pair of gloves (worn)
Jewellery
 f - a +6 ring of strength (left hand)
 h - the ring of Sekacaod (right hand) {Fire MR++}
   (You found it on level 2 of the Abyss)

   [ring of fire]

   It enhances your fire magic.
   It protects you from fire.
   It makes you vulnerable to cold.
   It affects your resistance to hostile enchantments.
 L - a +5 amulet of reflection (around neck)
Wands
 v - a wand of random effects (20)
 A - a wand of paralysis (9)
 D - a wand of iceblast (11)
 P - a wand of polymorph (7)
 T - a wand of disintegration (12)
Scrolls
 e - 6 scrolls of remove curse
 i - 5 scrolls of teleportation
 n - 2 scrolls of amnesia
 r - a scroll of vulnerability
 x - 2 scrolls of blinking {unknown}
 B - 3 scrolls of identify
 F - a scroll of enchant armour
 G - 2 scrolls of fog {unknown}
 J - a scroll of immolation {unknown}
 N - 2 scrolls of noise {unknown}
 O - 3 scrolls of fear
 R - a scroll of enchant weapon
Potions
 d - 9 potions of curing
 g - 10 potions of stabbing
 l - a potion of mutation
 o - 2 potions of invisibility
 p - 3 potions of brilliance
 q - 3 potions of cancellation
 w - 3 potions of flight
 E - a potion of berserk rage
 K - a potion of haste {unknown}
 M - a potion of might {unknown}
 Q - a potion of ambrosia {unknown}
Comestibles
 c - 21 rations


   Skills:
 + Level 8.9(8.6) Fighting
 + Level 5.9(5.6) Short Blades
 + Level 7.5(7.2) Long Blades
 + Level 5.9(5.6) Axes
 + Level 5.9(5.6) Maces & Flails
 + Level 5.9(5.6) Polearms
 + Level 5.9(5.6) Staves
 + Level 5.9(5.6) Slings
 + Level 5.9(5.6) Bows
 + Level 5.9(5.6) Crossbows
 + Level 5.9(5.6) Throwing
 + Level 7.5(7.2) Armour
 + Level 6.5(6.2) Dodging
 + Level 5.9(5.6) Stealth
 + Level 5.9(5.6) Shields
 + Level 5.9(5.6) Unarmed Combat
 + Level 5.9(5.6) Spellcasting
 + Level 4.8(4.6) Conjurations
 + Level 4.8(4.6) Hexes
 + Level 4.8(4.6) Charms
 + Level 4.8(4.6) Summonings
 + Level 4.8(4.6) Necromancy
 + Level 4.8(4.6) Translocations
 + Level 4.8(4.6) Transmutations
 + Level 4.8(4.6) Fire Magic
 + Level 4.8(4.6) Ice Magic
 + Level 4.8(4.6) Air Magic
 + Level 4.8(4.6) Earth Magic
 + Level 4.8(4.6) Poison Magic
 + Level 8.0(7.7) Invocations
 + Level 5.9(5.6) Evocations


You had 20 spell levels left.
You knew the following spells:

 Your Spells              Type           Power        Failure   Level  Hunger
a - Apportation           Tloc           ###...       2%          1    None

Your spell library contained the following spells:

 Spells                   Type           Power        Failure   Level  Hunger
 Animate Skeleton         Necr           N/A          2%          1    None
 Corona                   Hex            ###....      2%          1    None
 Summon Small Mammal      Summ           ###.         2%          1    None
 Ensorcelled Hibernation  Hex/Ice        ###...       3%          2    #......
 Confusing Touch          Hex            ###.....     8%          3    ##.....
 Dazzling Flash           Conj/Hex       ###...       8%          3    ##.....
 Tukima's Dance           Hex            ###.....     8%          3    ##.....


Dungeon Overview and Level Annotations

Branches:
Dungeon (12/15)            Temple (1/1) D:6             Orc (0/2) D:11
  Sewer (visited)
   Lair: D:8-11

Altars:
Elyvilon
Hepliaklqana
Makhleb
Sif Muna
Uskayaw
Vehumet
Wu Jian
Xom
The Shining One

Shops:
D:5 ?   D:7 %

Annotations:
D:11 1 runed translucent door, t4s4d4r's ghost, journeyman GnSk


Innate Abilities, Weirdness & Mutations

Your experience applies equally to all skills.
You have very sharp teeth.
Your uncanny sense of smell can sniff out nearby items.
Armour fits poorly on your strangely shaped body.
Your flesh is heat resistant. (rF+)
Your system is resistant to poisons. (rPois)


Message History

The bullfrog hits you.
You slash the bullfrog!
You kill the bullfrog!
Lugonu accepts your kill.
T4s4d4r's ghost hits the plant.
The orc zombie barely misses you.
You riposte.
You hit the orc zombie.
Space bends around the orc zombie.
You destroy the orc zombie!
Lugonu accepts your kill. The orc zombie misses you.
T4s4d4r's ghost hits the plant.
The orc zombie closely misses you.
T4s4d4r's ghost hits the plant!!
The orc zombie closely misses you. You block the cyclops's attack.
You hit the cyclops but do no damage.
The cyclops is heavily wounded.
The cyclops blinks!
T4s4d4r's ghost hits the plant!
The orc zombie hits you but does no damage.
T4s4d4r's ghost hits the plant!
The plant is destroyed!
The cyclops hits you!!
You die...

######+♣♣$♣♣.♣#..#
♣.....#⌠..#
.♣..i#(..# .#
.P!♣h+(..# .# ♣.
♣W#(..# ..# .
♣.#⌠..# ...##
♣..♣♣#..###.....
♣♣♣%i♣.(....#
♣♣♣♣C@.Z..#
#.....#..#
#.##.§...#
#........#
###+#....# #....#
#....# #....#
#....#


You could see a spriggan rider, a cyclops, a black bear, t4s4d4r's ghost and an
orc zombie.

Vanquished Creatures
  A two-headed ogre (D:11)
  Pikel (D:7)
  A hippogriff (D:7)
  A hornet (D:11)
  A shadow (D:11)
  2 hungry ghosts
  2 two-headed ogre zombies (D:11)
  A water moccasin (D:11)
  Duvessa (D:7)
  6 orc warriors
  2 slaves (D:8)
  2 ice beasts
  A black bear (D:8)
  A phantom (D:6)
  4 ogres
  A sky beast (D:5)
  3 centaurs
  2 big kobolds (Sewer)
  9 bullfrogs
  Dowan (D:7)
  A wyvern skeleton (D:7)
  2 scorpions
  5 wights (D:11)
  3 howler monkeys
  5 crimson imps
  A quasit (D:7)
  A jelly (D:8)
  A bullfrog zombie (D:6)
  13 orc priests
  4 hounds
  A centaur skeleton (D:4)
  A bullfrog skeleton (D:7)
  An iguana (D:7)
  A hell rat (D:7)
  14 orc wizards
  Natasha (thrice) (D:2)
  6 worker ants
  5 ogre zombies (D:11)
  A hound zombie (D:7)
  2 hound skeletons
  Robin (D:2)
  3 howler monkey zombies
  18 adders
  13 river rats
  2 shadow imps
  3 oozes
  3 worms (D:2)
  3 dart slugs
  6 leopard geckos
  40 orcs
  5 ball pythons (Sewer)
  5 bats
  4 giant cockroaches
  11 goblins
  9 hobgoblins
  6 jackals
  23 kobolds
  8 quokkas
  A ball python zombie (D:5)
  7 frilled lizards
  A giant cockroach zombie (D:6)
  A goblin skeleton (D:11)
  A goblin zombie (D:11)
  A jackal zombie (D:7)
  2 leopard gecko zombies
  3 orc skeletons (D:11)
  9 orc zombies (D:11)
  A quokka skeleton (D:8)
  39 rats
343 creatures vanquished.

Vanquished Creatures (others)
  A phantom (D:11)
  An orc (D:8)
  A goblin zombie (D:11)
  2 plants (D:11)
5 creatures vanquished.

Grand Total: 348 creatures vanquished

Notes
Turn   | Place    | Note
-------+----------+-------------------------------------------
     0 | Abyss:1  | Esekla the Gnoll Abyssal Knight began the quest for the
                  | Orb.
     0 | Abyss:1  | Reached XP level 1. HP: 23/23 MP: 3/3
    49 | Abyss:1  | Noticed a small abomination
    54 | Abyss:1  | Noticed a raiju
    96 | Abyss:2  | Noticed a neqoxec
   101 | Abyss:2  | Gained mutation: You occasionally shout uncontrollably at
                  | your foes. [a neqoxec]
   111 | Abyss:2  | Got a warped glass ring
   112 | D:1      | Escaped the Abyss
   113 | D:1      | Identified the ring of Sekacaod {Fire MR++} (You found it
                  | on level 2 of the Abyss)
   296 | D:1      | Reached XP level 2. HP: 26/29 MP: 5/5
   576 | D:2      | Reached * piety under Lugonu
   577 | D:2      | Noticed Robin
   592 | D:2      | Reached XP level 3. HP: 27/35 MP: 6/6
   611 | D:2      | Killed Robin
   821 | D:2      | Reached skill level 1 in Short Blades
   821 | D:2      | Reached skill level 1 in Axes
   821 | D:2      | Reached skill level 1 in Maces & Flails
   821 | D:2      | Reached skill level 1 in Polearms
   821 | D:2      | Reached skill level 1 in Staves
   821 | D:2      | Reached skill level 1 in Slings
   821 | D:2      | Reached skill level 1 in Bows
   821 | D:2      | Reached skill level 1 in Crossbows
   821 | D:2      | Reached skill level 1 in Throwing
   821 | D:2      | Reached skill level 1 in Stealth
   821 | D:2      | Reached skill level 1 in Shields
   821 | D:2      | Reached skill level 1 in Unarmed Combat
   821 | D:2      | Reached skill level 1 in Spellcasting
   821 | D:2      | Reached skill level 1 in Evocations
   821 | D:2      | Reached XP level 4. HP: 39/41 MP: 7/7
  1407 | D:2      | Reached skill level 1 in Conjurations
  1407 | D:2      | Reached skill level 1 in Hexes
  1407 | D:2      | Reached skill level 1 in Charms
  1407 | D:2      | Reached skill level 1 in Summonings
  1407 | D:2      | Reached skill level 1 in Necromancy
  1407 | D:2      | Reached skill level 1 in Translocations
  1407 | D:2      | Reached skill level 1 in Transmutations
  1407 | D:2      | Reached skill level 1 in Fire Magic
  1407 | D:2      | Reached skill level 1 in Ice Magic
  1407 | D:2      | Reached skill level 1 in Air Magic
  1407 | D:2      | Reached skill level 1 in Earth Magic
  1407 | D:2      | Reached skill level 1 in Poison Magic
  1481 | D:2      | Found a white marble altar of Elyvilon.
  1486 | D:2      | Noticed Natasha
  1510 | D:2      | Killed Natasha
  1510 | D:2      | Reached XP level 5. HP: 46/47 MP: 8/8
  1583 | D:2      | Noticed Natasha
  1591 | D:2      | Killed Natasha
  1645 | D:2      | Found a shimmering blue altar of Sif Muna.
  1742 | D:2      | Noticed Natasha
  1747 | D:2      | Killed Natasha
  2056 | D:3      | Reached ** piety under Lugonu
  2071 | D:3      | Reached skill level 5 in Invocations
  2071 | D:3      | Reached XP level 6. HP: 49/53 MP: 9/9
  2097 | D:3      | Lost mutation: You occasionally shout uncontrollably at
                  | your foes. [potion of mutation]
  2097 | D:3      | Gained mutation: Your flesh is heat resistant. (rF+)
                  | [potion of mutation]
  2097 | D:3      | Gained mutation: Armour fits poorly on your strangely
                  | shaped body. [potion of mutation]
  2097 | D:3      | Gained mutation: Your system is resistant to poisons.
                  | (rPois) [potion of mutation]
  2252 | D:3      | Found a glowing drain.
  2275 | Sewer    | Entered a sewer
  2460 | Sewer    | Reached skill level 5 in Long Blades
  2460 | Sewer    | Reached skill level 5 in Armour
  2509 | Sewer    | Reached *** piety under Lugonu
  2722 | Sewer    | Got an iridescent long sword
  2724 | Sewer    | Identified the +6 long sword of Deformation {drain, MR++
                  | SInv Stlth-} (You found it in a sewer)
  2792 | Sewer    | Reached XP level 7. HP: 59/59 MP: 10/10
  3353 | D:3      | You fall into a shaft and drop 3 floors!
  3368 | D:5      | Entered Level 5 of the Dungeon
  3599 | D:4      | Reached XP level 8. HP: 67/67 MP: 12/12
  3617 | D:4      | Got a jewelled whip
  3719 | D:4      | Reached **** piety under Lugonu
  3826 | D:4      | Identified the cursed +0 whip of Regicide {drain, Str+3}
                  | (You found it on level 4 of the Dungeon)
  3836 | D:3      | Found a shimmering altar of Xom.
  5022 | D:5      | Found Moze's Magic Scroll Shop.
  5189 | D:5      | Found a radiant altar of Vehumet.
  5475 | D:6      | Reached XP level 9. HP: 63/72 MP: 14/14
  5611 | D:6      | Learned a level 1 spell: Apportation
  5893 | D:6      | Found a burning altar of Makhleb.
  6030 | D:6      | Reached skill level 5 in Dodging
  6114 | D:6      | Found a staircase to the Ecumenical Temple.
  6521 | Temple   | Entered the Ecumenical Temple
  6749 | D:7      | Reached ***** piety under Lugonu
  6821 | D:7      | Reached XP level 10. HP: 36/80 MP: 15/17
  7428 | D:7      | Noticed Duvessa
  7428 | D:7      | Noticed Dowan
  7438 | D:7      | Killed Duvessa
  7438 | D:7      | Reached skill level 5 in Short Blades
  7438 | D:7      | Reached skill level 5 in Axes
  7438 | D:7      | Reached skill level 5 in Maces & Flails
  7438 | D:7      | Reached skill level 5 in Polearms
  7438 | D:7      | Reached skill level 5 in Staves
  7438 | D:7      | Reached skill level 5 in Slings
  7438 | D:7      | Reached skill level 5 in Bows
  7438 | D:7      | Reached skill level 5 in Crossbows
  7438 | D:7      | Reached skill level 5 in Throwing
  7438 | D:7      | Reached skill level 5 in Stealth
  7438 | D:7      | Reached skill level 5 in Shields
  7438 | D:7      | Reached skill level 5 in Unarmed Combat
  7438 | D:7      | Reached skill level 5 in Spellcasting
  7438 | D:7      | Reached skill level 5 in Evocations
  7441 | D:7      | Killed Dowan
  7443 | D:7      | Found a glowing golden altar of the Shining One.
  7459 | D:7      | Found Rohufaih's Food Emporium.
  7812 | D:8      | Noticed Pikel
  7835 | D:7      | Killed Pikel
  8298 | D:8      | You fall into a shaft and drop 3 floors!
  8339 | D:11     | Noticed a two-headed ogre
  8345 | D:11     | Killed a two-headed ogre
  8539 | D:11     | Found a staircase to the Orcish Mines.
  8573 | D:11     | Reached ****** piety under Lugonu
  8775 | D:11     | Reached XP level 11. HP: 74/87 MP: 19/19
  8832 | D:11     | Identified a +4 falchion of distortion (a +2 falchion
                  | corrupted by Lugonu)
  8832 | D:11     | Received a gift from Lugonu
  8837 | D:11     | Noticed a death yak
  9175 | D:11     | Noticed a cyclops
  9449 | D:11     | Found a runed translucent door.
  9450 | D:11     | Noticed t4s4d4r's ghost (journeyman GnSk)
  9451 | D:11     | Noticed a spriggan rider
  9451 | D:11     | Identified the +8 spear of Annoyance {venom, rC+}
  9457 | D:11     | Noticed a cyclops
  9475 | D:11     | Slain by a cyclops

Levels and vault maps discovered:
D:1:      dpeg_arrival_round_c, layout_rooms, serial_corexii_hall,
          corexii_hall_statues_i, corexii_hall_statues_l, serial_bayou_pond_b,
          due_unseen_surprise
D:2:      layout_loops_ring, lemuel_coloured_pillars_altar, elyvilon_altar_3,
          uniq_robin, uniq_natasha
D:3:      layout_basic, nicolae_overflow_hidden_temple, gup_sewer_entry_pipe
D:4:      layout_loops_ring, first_ration, minivault_11
D:5:      layout_rooms, lemuel_doored_altar, serial_shops, shop
D:6:      layout_rooms, old_standard_altar, minmay_temple_entry_from_below_b
D:7:      lemuel_ratsnest, layout_loops_ring, basic_altar, serial_shops,
          kennysheep_little_box, uniq_duvessa
D:8:      layout_basic, nicolae_ru_great_annihilating_truth, the_bakery,
          uniq_pikel, uniq_psyche
D:11:     layout_stronghold, dpeg_lair_monsters, zombieorc2_lemuel,
          ebering_ghost_funeral_grove, st_stairs_6
D:12:     minmay_stepped, layout_loops_cross
Temple:   regret_index_temple_waves

Skill      XL: |  1  2  3  4  5  6  7  8  9 10 11 |
---------------+----------------------------------+-----
Short Blades   | 1 2 3 4 5 |  5.9
Axes           | 1 2 3 4 5 |  5.9
Maces & Flails | 1 2 3 4 5 |  5.9
Polearms       | 1 2 3 4 5 |  5.9
Staves         | 1 2 3 4 5 |  5.9
Slings         | 1 2 3 4 5 |  5.9
Bows           | 1 2 3 4 5 |  5.9
Crossbows      | 1 2 3 4 5 |  5.9
Throwing       | 1 2 3 4 5 |  5.9
Stealth        | 1 2 3 4 5 |  5.9
Shields        | 1 2 3 4 5 |  5.9
Unarmed Combat | 1 2 3 4 5 |  5.9
Spellcasting   | 1 2 3 4 5 |  5.9
Evocations     | 1 2 3 4 5 |  5.9
Conjurations   | 1 2 3 4 |  4.8
Hexes          | 1 2 3 4 |  4.8
Charms         | 1 2 3 4 |  4.8
Summonings     | 1 2 3 4 |  4.8
Necromancy     | 1 2 3 4 |  4.8
Translocations | 1 2 3 4 |  4.8
Transmutations | 1 2 3 4 |  4.8
Fire Magic     | 1 2 3 4 |  4.8
Ice Magic      | 1 2 3 4 |  4.8
Air Magic      | 1 2 3 4 |  4.8
Earth Magic    | 1 2 3 4 |  4.8
Poison Magic   | 1 2 3 4 |  4.8
Dodging        | 3 4 5 6 |  6.5
Invocations    | 5 6 7 8 |  8.0
Long Blades    | 5 6 7 |  7.5
Armour         | 5 6 7 |  7.5
Fighting       | 7 8 |  8.9

Action                   |  1- 3 |  4- 6 |  7- 9 | 10-12 || total
-------------------------+-------+-------+-------+-------++-------
Melee: Falchion          |     6 |    61 |       |    55 ||   122
       Short sword       |    78 |   218 |       |     1 ||   297
       Bite              |    13 |    33 |    26 |    44 ||   116
       Punch             |     2 |     1 |     4 |    12 ||    19
       Long sword        |       |    15 |   251 |   251 ||   517
       Spear             |       |       |       |     6 ||     6
Throw: Dart              |       |       |     5 |     2 ||     7
       Boomerang         |       |       |    19 |    16 ||    35
Invok: Depart the Abyss  |     1 |       |       |       ||     1
       Bend Space        |       |       |     1 |     1 ||     2
       Brand Weapon With |       |       |       |     1 ||     1
Evoke: Wand              |       |       |     2 |       ||     2
  Use: Scroll            |       |    11 |     4 |     6 ||    21
       Potion            |       |     1 |     3 |     6 ||    10
 Stab: Sleeping          |       |       |       |     3 ||     3
       Distracted        |       |       |       |     1 ||     1
  Eat: Chunk             |       |     7 |    12 |     7 ||    26
       Ration            |       |       |       |     1 ||     1
Armor: Leather armour    |    18 |     7 |    10 |    48 ||    83
       Plate armour      |       |   156 |   107 |       ||   263
       Skin              |       |       |       |    28 ||    28
Dodge: Dodged            |    45 |   116 |   115 |   166 ||   442
Block: Other             |       |       |    24 |    79 ||   103
       Reflection        |       |       |     1 |     1 ||     2
       Rpst.: Falchion   |     1 |    16 |       |     6 ||    23
       Long sword        |       |     2 |    34 |    38 ||    74

Table legend:
 A = Non-vault XP
 B = Vault XP
 C = Vault XP percentage of total XP
 D = Non-vault monster count
 E = Vault monster count
 F = Vault count percentage of total count
                 A         B        C        D         E       F
            +---------+---------+-------+---------+---------+-------
      Total |    8054 |    2445 |  23.3 |     216 |     128 |  37.2
            +---------+---------+-------+---------+---------+-------
        D:1 |      34 |       5 |  12.8 |      15 |       3 |  16.7
        D:2 |     161 |      70 |  30.3 |      20 |      12 |  37.5
        D:3 |     270 |      16 |   5.6 |      28 |       6 |  17.6
        D:4 |     723 |       0 |   0.0 |      26 |       0 |   0.0
        D:5 |     589 |       0 |   0.0 |      15 |       0 |   0.0
        D:6 |    1406 |       0 |   0.0 |      31 |       0 |   0.0
        D:7 |    1692 |    1139 |  40.2 |      37 |      34 |  47.9
        D:8 |    1006 |       0 |   0.0 |      18 |       0 |   0.0
       D:11 |    1998 |     890 |  30.8 |      21 |      25 |  54.3
       D:12 |     175 |       0 |   0.0 |       5 |       0 |   0.0
      Sewer |       0 |     325 | 100.0 |       0 |      48 | 100.0
            +---------+---------+-------+---------+---------+-------
